London Knights vs Seattle Thunderbirds

Created - 21 février 2020 at 20:40

Goals
1 2 3 T
London Knights 1 0 0 1
Seattle Thunderbirds 2 2 1 5
Shots
1 2 3 T
London Knights 12 5 13 30
Seattle Thunderbirds 13 15 8 36

1st period

1. London Knights , Nicolas Aube-Kubel 21 (Sheldon Dries 27, Kristian Vesalainen 28) at 3:38
2. Seattle Thunderbirds , Brooks Macek 22 (Peter Cehlarik 13, Emil Pettersson 19) at 19:02
3. Seattle Thunderbirds , T.J. Tynan 26 (Matt Tennyson 11) at 19:36

Penalties :
No Penalty

2nd period

4. Seattle Thunderbirds , T.J. Tynan 27 (Matt Read 18, Jacob MacDonald 27) at 2:00 (PP)
5. Seattle Thunderbirds , Matt Read 29 (T.J. Tynan 56, Yannick Weber 11) at 9:08

Penalties :
Nicolas Aube-Kubel (KNI) for High sticking (Minor) at 1:25, Stefan Noesen (THU) for Tripping (Minor) at 14:55

3rd period

6. Seattle Thunderbirds , Sam Carrick 42 (Josh Leivo 59) at 18:13

Penalties :
Steve Bernier (THU) for Fighting (Major) at 18:14, Tyler Wotherspoon (KNI) for Fighting (Major) at 18:14

Goalie Stats

Philippe Desrosiers (KNI), 31 saves from 36 shots - (0,861), L, 14-7-0, 60:00 minutes
Mitch Gillam (THU), 29 saves from 30 shots - (0,967), W, 32-10-4, 60:00 minutes

Players Stats for London Knights

Player Name              G  A  P  +/- PIM S  H  SB GA TA FO     MP     PP MP  PK MP  
------------------------------------------------------------------------------------
Andy Andreoff            0  0  0  -4  0   5  2  1  0  1  7/14   22:00   0:56   0:35 
Colby Williams           0  0  0  -1  0   0  0  0  0  1  0/0    11:52   0:00   0:00 
Dylan McIlrath           0  0  0  -1  0   1  1  1  0  1  0/0    16:54   0:47   0:00 
Ethan Prow               0  0  0  -2  0   0  0  1  0  0  0/0    22:53   1:12   0:35 
Hunter Warner            0  0  0   1  0   0  2  1  0  0  0/0     8:21   0:00   0:00 
Jack Rodewald            0  0  0   0  0   3  0  0  1  0  0/4    20:29   1:01   0:00 
Jayson Megna             0  0  0   0  0   4  1  1  0  0  11/18  23:09   1:01   0:35 
John Hayden              0  0  0  -4  0   2  3  1  1  0  0/2    19:06   0:56   0:00 
Keegan Kolesar           0  0  0  -4  0   0  3  0  0  0  0/0    18:57   0:56   0:00 
Kieffer Bellows          0  0  0   1  0   1  0  0  1  0  0/0    15:43   0:00   0:00 
Kristian Vesalainen      0  1  1   0  0   5  0  1  0  0  0/0    20:01   1:01   0:00 
Lucas Carlsson           0  0  0  -1  0   0  1  0  0  0  0/0    12:40   0:00   0:00 
Manuel Wiederer          0  0  0   0  0   1  1  0  0  0  1/6     6:42   0:02   0:00 
Matthew Spencer          0  0  0   1  0   0  0  0  0  0  0/0     8:21   0:00   0:00 
Nicolas Aube-Kubel       1  0  1   1  2   2  0  0  1  1  1/1    16:49   0:02   0:00 
Rasmus Sandin            0  0  0  -1  0   1  0  1  1  3  0/0    16:54   0:47   0:00 
Sheldon Dries            0  1  1   1  0   5  3  1  1  0  4/8    16:28   0:02   0:00 
Tyler Wotherspoon        0  0  0  -2  5   0  0  4  0  0  0/0    22:04   1:12   0:35 

Players Stats for Seattle Thunderbirds

Player Name              G  A  P  +/- PIM S  H  SB GA TA FO     MP     PP MP  PK MP  
------------------------------------------------------------------------------------
Andrew Campbell          0  0  0   0  0   0  1  0  0  0  0/0     6:58   0:00   0:00 
Brett Sutter             0  0  0   0  0   1  0  0  0  1  0/0     8:46   0:00   0:43 
Brooks Macek             1  0  1   1  0   1  0  0  0  0  2/2    16:21   0:00   0:36 
Emil Pettersson          0  1  1   1  0   4  0  0  0  0  3/5    17:05   0:00   0:00 
Jacob MacDonald          0  1  1   3  0   0  1  2  0  0  0/0    23:08   0:35   1:09 
Joey LaLeggia            0  0  0   0  0   1  0  0  0  0  0/0    17:18   0:00   0:50 
Josh Leivo               0  1  1   1  0   3  1  0  1  0  0/1    17:38   0:23   0:59 
Logan Brown              0  0  0   0  0   0  2  0  0  0  2/3     9:00   0:00   0:00 
Logan Stanley            0  0  0   0  0   3  2  1  0  1  0/0    12:36   0:00   0:00 
Matt Irwin               0  0  0   0  0   0  1  1  1  2  0/0    17:18   0:00   0:50 
Matt Read                1  1  2   1  0   5  2  1  1  0  0/1    17:56   0:12   0:00 
Matt Tennyson            0  1  1   0  0   1  0  1  0  0  0/0    12:44   0:00   0:01 
Peter Cehlarik           0  1  1   1  0   2  2  0  0  0  0/0    15:33   0:00   0:10 
Rob O'Gara               0  0  0   0  0   0  0  0  0  0  0/0     6:58   0:00   0:00 
Sam Carrick              1  0  1   1  0   8  0  0  1  2  15/27  17:11   0:23   0:32 
Stefan Noesen            0  0  0   1  2   2  2  0  1  0  0/1    18:02   0:12   0:00 
Steve Bernier            0  0  0   1  5   1  2  0  0  0  1/3    22:31   0:23   0:58 
T.J. Tynan               2  1  3   1  0   4  1  0  2  0  6/10   17:56   0:12   0:00 
Vincent LoVerde          0  0  0   0  0   0  0  0  0  0  0/0     0:00   0:00   0:00 
Yannick Weber            0  1  1   3  0   0  1  1  0  0  0/0    23:00   0:35   1:08 

3 Stars

1 - T.J. Tynan (THU)
2 - Matt Read (THU)
3 - Mitch Gillam (THU)

Power Play

London Knights - 0 on 1 Attempt(s) - 0,00%
Seattle Thunderbirds - 1 on 1 Attempt(s) - 100,00%

Penalty Kill

London Knights - 0 on 1 Attempt(s) - 0,00% - Score 0 goal in Penalty Kill
Seattle Thunderbirds - 1 on 1 Attempt(s) - 100,00% - Score 0 goal in Penalty Kill

Team Stat

London Knights - Hits : 17 - Faceoff Wins : 24 - Blocked Shots : 13 - Penalty Minutes : 7
Seattle Thunderbirds - Hits : 18 - Faceoff Wins : 29 - Blocked Shots : 7 - Penalty Minutes : 7

Official

Referees : Kelly Sutherland and Jacob Brenk
Linesman : Jonny Murray and Jay Sharrers

Game Notes

Steve Bernier and Tyler Wotherspoon fight to a draw at 18:14 of 3rd period

Finance

Level 1 -- Attendance: 1564 (78,20%) -- Ticket Income 54 740 $
Level 2 -- Attendance: 792 (79,20%) -- Ticket Income 11 880 $
Total Attendance: 2356 (78,53%)
Total Ticket Income: 66 620 $
Other Income: 32 644 $
Total Income: 99 264 $

London Knights

5 vs 5 Forward 
   Center                   Left Wing                Right Wing               Time % Phy DF OF 
 1 Jayson Megna             Kristian Vesalainen      Jack Rodewald            40     1   2  2  
 2 Andy Andreoff            John Hayden              Keegan Kolesar           30     1   2  2  
 3 Sheldon Dries            Kieffer Bellows          Nicolas Aube-Kubel       20     1   2  2  
 4 Manuel Wiederer          Jayson Megna             Andy Andreoff            10     1   2  2  

5 vs 5 Defense 
   Defense                  Defense                                           Time % Phy DF OF 
 1 Ethan Prow               Tyler Wotherspoon                                 40     1   2  2  
 2 Dylan McIlrath           Rasmus Sandin                                     30     1   2  2  
 3 Lucas Carlsson           Colby Williams                                    20     1   2  2  
 4 Hunter Warner            Matthew Spencer                                   10     1   2  2  

PowerPlay Forward 
   Center                   Left Wing                Right Wing               Time % Phy DF OF 
 1 Jayson Megna             Kristian Vesalainen      Jack Rodewald            60     1   2  2  
 2 Andy Andreoff            John Hayden              Keegan Kolesar           40     1   2  2  

PowerPlay Defense
   Defense                  Defense                                           Time % Phy DF OF 
 1 Ethan Prow               Tyler Wotherspoon                                 60     1   2  2  
 2 Dylan McIlrath           Rasmus Sandin                                     40     1   2  2  

Penalty Kill 4 Players Forward 
   Center                   Wing                     Time % Phy DF OF 
 1 Jayson Megna             Andy Andreoff            60     1   2  2  
 2 Jack Rodewald            Kristian Vesalainen      40     1   2  2  

Penalty Kill 4 Players Defense
   Defense                  Defense                  Time % Phy DF OF 
 1 Ethan Prow               Tyler Wotherspoon        60     1   2  2  
 2 Dylan McIlrath           Rasmus Sandin            40     1   2  2  

Penalty Kill - 3 Players Forward 
   Forward                                           Time % Phy DF OF 
 1 Jayson Megna                                      60     1   2  2  
 2 Andy Andreoff                                     40     1   2  2  

Penalty Kill - 3 Players Defense
   Defense                  Defense                  Time % Phy DF OF 
 1 Ethan Prow               Tyler Wotherspoon        60     1   2  2  
 2 Dylan McIlrath           Rasmus Sandin            40     1   2  2  

4 vs 4 Forward 
   Center                   Wing                     Time % Phy DF OF 
 1 Jayson Megna             Andy Andreoff            60     1   2  2  
 2 Jack Rodewald            Kristian Vesalainen      40     1   2  2  

4 vs 4 Defense
   Defense                  Defense                  Time % Phy DF OF 
 1 Ethan Prow               Tyler Wotherspoon        60     1   2  2  
 2 Dylan McIlrath           Rasmus Sandin            40     1   2  2  

Last Minutes Offensive
   Center                   Left Wing                Right Wing               Defense                  Defense                  
   Jayson Megna             Kristian Vesalainen      Jack Rodewald            Ethan Prow               Tyler Wotherspoon        

Last Minutes Defensive
   Center                   Left Wing                Right Wing               Defense                  Defense                  
   Jayson Megna             Kristian Vesalainen      Jack Rodewald            Ethan Prow               Tyler Wotherspoon        

Goaltenders
Starting : Philippe Desrosiers      
Backup : Unknown Goalie           

Extra Forwards
Normal : Sheldon Dries, Nicolas Aube-Kubel, Manuel Wiederer - PP : Sheldon Dries, Nicolas Aube-Kubel - PK : Manuel Wiederer
Extra Defensemen
Normal : Lucas Carlsson, Colby Williams, Hunter Warner - PP : Lucas Carlsson - PK : Colby Williams, Hunter Warner
Penalty Shots
Jayson Megna, Andy Andreoff, Jack Rodewald, Kristian Vesalainen, John Hayden

Scratches
Brian Pinho (Healthy), Buddy Robinson (Healthy), Caleb Herbert (Healthy), Skyler McKenzie (Healthy), Matt Fonteyne (Healthy)
Brandon Halverson (Healthy)

Seattle Thunderbirds

5 vs 5 Forward 
   Center                   Left Wing                Right Wing               Time % Phy DF OF 
 1 Sam Carrick              Josh Leivo               Steve Bernier            40     1   2  2  
 2 T.J. Tynan               Stefan Noesen            Matt Read                30     1   2  2  
 3 Emil Pettersson          Peter Cehlarik           Brooks Macek             20     1   2  2  
 4 Logan Brown              Brett Sutter             Steve Bernier            10     1   2  2  

5 vs 5 Defense 
   Defense                  Defense                                           Time % Phy DF OF 
 1 Jacob MacDonald          Yannick Weber                                     40     1   2  2  
 2 Joey LaLeggia            Matt Irwin                                        30     1   2  2  
 3 Matt Tennyson            Logan Stanley                                     20     1   2  2  
 4 Andrew Campbell          Rob O'Gara                                        10     1   2  2  

PowerPlay Forward 
   Center                   Left Wing                Right Wing               Time % Phy DF OF 
 1 Sam Carrick              Josh Leivo               Steve Bernier            60     1   2  2  
 2 T.J. Tynan               Stefan Noesen            Matt Read                40     1   2  2  

PowerPlay Defense
   Defense                  Defense                                           Time % Phy DF OF 
 1 Jacob MacDonald          Yannick Weber                                     60     1   2  2  
 2 Joey LaLeggia            Matt Irwin                                        40     1   2  2  

Penalty Kill 4 Players Forward 
   Center                   Wing                     Time % Phy DF OF 
 1 Steve Bernier            Josh Leivo               60     1   2  2  
 2 Sam Carrick              Stefan Noesen            40     1   2  2  

Penalty Kill 4 Players Defense
   Defense                  Defense                  Time % Phy DF OF 
 1 Jacob MacDonald          Yannick Weber            60     1   2  2  
 2 Joey LaLeggia            Matt Irwin               40     1   2  2  

Penalty Kill - 3 Players Forward 
   Forward                                           Time % Phy DF OF 
 1 Steve Bernier                                     60     1   2  2  
 2 Josh Leivo                                        40     1   2  2  

Penalty Kill - 3 Players Defense
   Defense                  Defense                  Time % Phy DF OF 
 1 Jacob MacDonald          Yannick Weber            60     1   2  2  
 2 Joey LaLeggia            Matt Irwin               40     1   2  2  

4 vs 4 Forward 
   Center                   Wing                     Time % Phy DF OF 
 1 Steve Bernier            Josh Leivo               60     1   2  2  
 2 Sam Carrick              Stefan Noesen            40     1   2  2  

4 vs 4 Defense
   Defense                  Defense                  Time % Phy DF OF 
 1 Jacob MacDonald          Yannick Weber            60     1   2  2  
 2 Joey LaLeggia            Matt Irwin               40     1   2  2  

Last Minutes Offensive
   Center                   Left Wing                Right Wing               Defense                  Defense                  
   Sam Carrick              Josh Leivo               Steve Bernier            Jacob MacDonald          Yannick Weber            

Last Minutes Defensive
   Center                   Left Wing                Right Wing               Defense                  Defense                  
   Sam Carrick              Josh Leivo               Steve Bernier            Jacob MacDonald          Yannick Weber            

Goaltenders
Starting : Mitch Gillam             
Backup : John Muse                

Extra Forwards
Normal : Emil Pettersson, Logan Brown, Brooks Macek - PP : Emil Pettersson, Logan Brown - PK : Brooks Macek
Extra Defensemen
Normal : Vincent LoVerde, Matt Tennyson, Logan Stanley - PP : Vincent LoVerde - PK : Matt Tennyson, Logan Stanley
Penalty Shots
Steve Bernier, Josh Leivo, Sam Carrick, Yannick Weber, Stefan Noesen

Scratches
Rourke Chartier (Healthy), Landon Ferraro (Healthy), Hampus Gustafsson (Healthy), Zane McIntyre (Healthy), Jake Paterson (Healthy)

% Time on Ice - London Knights

Lines # - Real PCT - Wanted PCT - Time Play
Normal Forward
1 - 34% - 40% - 19:29
2 - 31% - 30% - 18:01
3 - 27% - 20% - 15:39
4 - 7% - 10% - 4:17
Normal Defense
1 - 37% - 40% - 21:06
2 - 28% - 30% - 16:07
3 - 21% - 20% - 11:52
4 - 15% - 10% - 8:21
PP Forward
1 - 53% - 60% - 1:03
2 - 47% - 40% - 0:56
PP Defense
1 - 61% - 60% - 1:12
2 - 39% - 40% - 0:47
PK Forward
1 - 100% - 60% - 0:35
2 - 0% - 40% - 0:00
PK Defense
1 - 100% - 60% - 0:35
2 - 0% - 40% - 0:00
PK3 Forward
1 - 0% - 60%
2 - 0% - 40%
PK3 Defense
1 - 0% - 60%
2 - 0% - 40%
44 Forward
1 - 0% - 60%
2 - 0% - 40%
44 Defense
1 - 0% - 60%
2 - 0% - 40%
Last Minute Offensive  - 0:00
Last Minute Defensive  - 0:00
Total
Forward - 60:00
Defense - 60:00

% Time on Ice - Seattle Thunderbirds

Lines # - Real PCT - Wanted PCT - Time Play
Normal Forward
1 - 29% - 40% - 16:23
2 - 31% - 30% - 17:44
3 - 27% - 20% - 15:23
4 - 14% - 10% - 7:56
Normal Defense
1 - 37% - 40% - 21:24
2 - 29% - 30% - 16:28
3 - 22% - 20% - 12:36
4 - 12% - 10% - 6:58
PP Forward
1 - 66% - 60% - 0:23
2 - 34% - 40% - 0:12
PP Defense
1 - 100% - 60% - 0:35
2 - 0% - 40% - 0:00
PK Forward
1 - 73% - 60% - 1:27
2 - 27% - 40% - 0:32
PK Defense
1 - 58% - 60% - 1:09
2 - 42% - 40% - 0:50
PK3 Forward
1 - 0% - 60%
2 - 0% - 40%
PK3 Defense
1 - 0% - 60%
2 - 0% - 40%
44 Forward
1 - 0% - 60%
2 - 0% - 40%
44 Defense
1 - 0% - 60%
2 - 0% - 40%
Last Minute Offensive  - 0:00
Last Minute Defensive  - 0:00
Total
Forward - 60:00
Defense - 60:00

Play-by-Play

1st period


0:01 of 1st period - Sam Carrick wins face-off versus Jayson Megna in neutral zone.
0:47 of 1st period - Wrist shot by Nicolas Aube-Kubel.
0:47 of 1st period - Shot Misses the Net.
1:08 of 1st period - Slapshot by Jack Rodewald.
1:08 of 1st period - Stopped by Mitch Gillam without a rebound.
1:09 of 1st period - Jayson Megna wins face-off versus Logan Brown in Seattle Thunderbirds zone.
1:14 of 1st period - Slapshot by Kristian Vesalainen.
1:14 of 1st period - Shot Misses the Net.
1:16 of 1st period - Slapshot by Rasmus Sandin.
1:16 of 1st period - Stopped by Mitch Gillam without a rebound.
1:17 of 1st period - Steve Bernier wins face-off versus Andy Andreoff in Seattle Thunderbirds zone.
2:08 of 1st period - Snap shot by Sheldon Dries.
2:08 of 1st period - Stopped by Mitch Gillam without a rebound.
2:09 of 1st period - Sheldon Dries wins face-off versus Sam Carrick in Seattle Thunderbirds zone.
2:16 of 1st period - Wrist shot by Nicolas Aube-Kubel.
2:16 of 1st period - Stopped by Mitch Gillam with a rebound.
2:22 of 1st period - Snap shot by Josh Leivo.
2:22 of 1st period - Shot Blocked by Hunter Warner.
2:24 of 1st period - Snap shot by Sam Carrick.
2:24 of 1st period - Stopped by Philippe Desrosiers with a rebound.
2:34 of 1st period - Stefan Noesen is hit by Hunter Warner and loses puck.
2:39 of 1st period - Backhand shot by Jayson Megna.
2:39 of 1st period - Stopped by Mitch Gillam with a rebound.
2:41 of 1st period - Slapshot by Tyler Wotherspoon.
2:41 of 1st period - Shot Misses the Net.
2:43 of 1st period - Backhand shot by Tyler Wotherspoon.
2:43 of 1st period - Shot Blocked by Matt Read.
2:45 of 1st period - Slapshot by Andy Andreoff.
2:45 of 1st period - Stopped by Mitch Gillam without a rebound.
2:46 of 1st period - Andy Andreoff wins face-off versus Sam Carrick in Seattle Thunderbirds zone.
3:11 of 1st period - Ethan Prow is hit by Logan Stanley and loses puck.
3:38 of 1st period - Slapshot by Nicolas Aube-Kubel.
3:38 of 1st period - Goal by Nicolas Aube-Kubel - London Knights : 1 - Seattle Thunderbirds : 0.
3:39 of 1st period - Jayson Megna wins face-off versus Sam Carrick in neutral zone.
3:41 of 1st period - Off-side.
3:42 of 1st period - Sam Carrick wins face-off versus Jayson Megna in neutral zone.
3:53 of 1st period - Snap shot by Josh Leivo.
3:53 of 1st period - Shot Blocked by Jayson Megna.
3:55 of 1st period - Snap shot by Matt Irwin.
3:55 of 1st period - Deflect By Josh Leivo.
3:55 of 1st period - Shot Blocked by Kristian Vesalainen.
3:55 of 1st period - Puck is out of play.
3:56 of 1st period - Andy Andreoff wins face-off versus Steve Bernier in London Knights zone.
4:02 of 1st period - Snap shot by Andy Andreoff.
4:02 of 1st period - Stopped by Mitch Gillam with a rebound.
4:04 of 1st period - Wrist shot by John Hayden.
4:04 of 1st period - Shot Misses the Net.
4:45 of 1st period - Snap shot by Sheldon Dries.
4:45 of 1st period - Shot Misses the Net.
5:25 of 1st period - Icing by Stefan Noesen.
5:26 of 1st period - T.J. Tynan wins face-off versus Sheldon Dries in Seattle Thunderbirds zone.
5:26 of 1st period - T.J. Tynan is hit by Sheldon Dries.
5:42 of 1st period - Sheldon Dries is hit by Stefan Noesen and loses puck.
5:55 of 1st period - Wrist shot by Stefan Noesen.
5:55 of 1st period - Shot Blocked by Rasmus Sandin.
5:57 of 1st period - Snap shot by Joey LaLeggia.
5:57 of 1st period - Stopped by Philippe Desrosiers without a rebound.
5:58 of 1st period - Sam Carrick wins face-off versus Manuel Wiederer in London Knights zone.
7:39 of 1st period - Wrist shot by Sheldon Dries.
7:39 of 1st period - Stopped by Mitch Gillam with a rebound.
7:41 of 1st period - Slapshot by Dylan McIlrath.
7:41 of 1st period - Shot Blocked by Jacob MacDonald.
7:51 of 1st period - Jack Rodewald is hit by Jacob MacDonald and loses puck.
8:29 of 1st period - Snap shot by Sam Carrick.
8:29 of 1st period - Shot Misses the Net.
8:51 of 1st period - Snap shot by Josh Leivo.
8:51 of 1st period - Shot Misses the Net.
8:53 of 1st period - Wrist shot by Logan Stanley.
8:53 of 1st period - Shot Misses the Net.
9:44 of 1st period - Icing by Rob O'Gara.
9:45 of 1st period - Emil Pettersson wins face-off versus Sheldon Dries in Seattle Thunderbirds zone.
10:01 of 1st period - Icing by Kieffer Bellows.
10:02 of 1st period - Sheldon Dries wins face-off versus T.J. Tynan in London Knights zone.
10:08 of 1st period - Off-side.
10:09 of 1st period - Sam Carrick wins face-off versus Jack Rodewald in neutral zone.
10:36 of 1st period - Wrist shot by Matt Read.
10:36 of 1st period - Stopped by Philippe Desrosiers without a rebound.
10:37 of 1st period - T.J. Tynan wins face-off versus Andy Andreoff in London Knights zone.
10:50 of 1st period - Icing by Andy Andreoff.
10:51 of 1st period - Sam Carrick wins face-off versus Andy Andreoff in London Knights zone.
10:52 of 1st period - Snap shot by Josh Leivo.
10:52 of 1st period - Shot Blocked by Andy Andreoff.
10:54 of 1st period - Snap shot by Steve Bernier.
10:54 of 1st period - Stopped by Philippe Desrosiers without a rebound.
10:55 of 1st period - Jayson Megna wins face-off versus Sam Carrick in London Knights zone.
12:07 of 1st period - Wrist shot by Josh Leivo.
12:07 of 1st period - Stopped by Philippe Desrosiers with a rebound.
12:59 of 1st period - Peter Cehlarik is hit by Lucas Carlsson and loses puck.
14:45 of 1st period - Wrist shot by Sam Carrick.
14:45 of 1st period - Deflect By Nicolas Aube-Kubel.
14:45 of 1st period - Stopped by Philippe Desrosiers with a rebound.
15:47 of 1st period - Slapshot by Sam Carrick.
15:47 of 1st period - Stopped by Philippe Desrosiers without a rebound.
15:48 of 1st period - Andy Andreoff wins face-off versus Sam Carrick in London Knights zone.
16:44 of 1st period - Slapshot by Keegan Kolesar.
16:44 of 1st period - Shot Misses the Net.
16:46 of 1st period - Wrist shot by Andy Andreoff.
16:46 of 1st period - Shot Blocked by Matt Irwin.
16:48 of 1st period - Snap shot by Andy Andreoff.
16:48 of 1st period - Stopped by Mitch Gillam with a rebound.
16:50 of 1st period - Snap shot by John Hayden.
16:50 of 1st period - Stopped by Mitch Gillam without a rebound.
16:51 of 1st period - Emil Pettersson wins face-off versus Andy Andreoff in Seattle Thunderbirds zone.
18:58 of 1st period - Snap shot by Emil Pettersson.
18:58 of 1st period - Stopped by Philippe Desrosiers with a rebound.
19:00 of 1st period - Snap shot by Peter Cehlarik.
19:00 of 1st period - Deflect By Keegan Kolesar.
19:00 of 1st period - Stopped by Philippe Desrosiers with a rebound.
19:02 of 1st period - Wrist shot by Brooks Macek.
19:02 of 1st period - Goal by Brooks Macek - London Knights : 1 - Seattle Thunderbirds : 1.
19:03 of 1st period - Jayson Megna wins face-off versus Sam Carrick in neutral zone.
19:19 of 1st period - Snap shot by Kristian Vesalainen.
19:19 of 1st period - Stopped by Mitch Gillam with a rebound.
19:29 of 1st period - Keegan Kolesar is hit by Logan Stanley and loses puck.
19:36 of 1st period - Backhand shot by T.J. Tynan.
19:36 of 1st period - Goal by T.J. Tynan - London Knights : 1 - Seattle Thunderbirds : 2.
19:37 of 1st period - Sam Carrick wins face-off versus Jack Rodewald in neutral zone.
19:42 of 1st period - Snap shot by Sam Carrick.
19:42 of 1st period - Stopped by Philippe Desrosiers with a rebound.
19:50 of 1st period - Snap shot by Sam Carrick.
19:50 of 1st period - Shot Blocked by Tyler Wotherspoon.
19:52 of 1st period - Slapshot by Sam Carrick.
19:52 of 1st period - Stopped by Philippe Desrosiers without a rebound.
19:53 of 1st period - T.J. Tynan wins face-off versus Manuel Wiederer in London Knights zone.
19:59 of 1st period - Icing by Andy Andreoff.
Goals for this period are 1 for London Knights vs 2 for Seattle Thunderbirds.
Shots for this period are 12 for London Knights vs 13 for Seattle Thunderbirds.

2nd period


0:01 of 2nd period - Jayson Megna wins face-off versus Sam Carrick in neutral zone.
0:12 of 2nd period - Wrist shot by Josh Leivo.
0:12 of 2nd period - Stopped by Philippe Desrosiers with a rebound.
0:14 of 2nd period - Slapshot by Josh Leivo.
0:14 of 2nd period - Shot Misses the Net.
0:16 of 2nd period - Slapshot by Sam Carrick.
0:16 of 2nd period - Shot Misses the Net.
1:10 of 2nd period - Snap shot by Logan Brown.
1:10 of 2nd period - Deflect By Nicolas Aube-Kubel.
1:10 of 2nd period - Shot Blocked by Sheldon Dries.
1:10 of 2nd period - Puck is out of play.
1:11 of 2nd period - Logan Brown wins face-off versus Sheldon Dries in London Knights zone.
1:25 of 2nd period - Minor Penalty to Nicolas Aube-Kubel for High sticking.
1:26 of 2nd period - Jayson Megna wins face-off versus Sam Carrick in London Knights zone.
1:58 of 2nd period - Snap shot by Matt Read.
1:58 of 2nd period - Stopped by Philippe Desrosiers with a rebound.
2:00 of 2nd period - Snap shot by T.J. Tynan.
2:00 of 2nd period - Goal by T.J. Tynan - London Knights : 1 - Seattle Thunderbirds : 3.
2:01 of 2nd period - Sam Carrick wins face-off versus Jayson Megna in neutral zone.
2:28 of 2nd period - Keegan Kolesar is hit by T.J. Tynan and loses puck.
2:42 of 2nd period - Off-side.
2:43 of 2nd period - Sheldon Dries wins face-off versus Emil Pettersson in neutral zone.
2:52 of 2nd period - Snap shot by Sheldon Dries.
2:52 of 2nd period - Stopped by Mitch Gillam with a rebound.
3:31 of 2nd period - John Hayden is hit by Matt Read and loses puck.
3:40 of 2nd period - T.J. Tynan is hit by Andy Andreoff and loses puck.
3:51 of 2nd period - Brett Sutter is hit by Dylan McIlrath and loses puck.
5:11 of 2nd period - Logan Stanley is hit by Sheldon Dries and loses puck.
5:41 of 2nd period - Icing by Kristian Vesalainen.
5:42 of 2nd period - Andy Andreoff wins face-off versus Sam Carrick in London Knights zone.
5:52 of 2nd period - Wrist shot by Josh Leivo.
5:52 of 2nd period - Shot Blocked by Ethan Prow.
6:04 of 2nd period - Wrist shot by Kristian Vesalainen.
6:04 of 2nd period - Stopped by Mitch Gillam with a rebound.
6:10 of 2nd period - Jack Rodewald is hit by Matt Read and loses puck.
6:25 of 2nd period - Snap shot by Peter Cehlarik.
6:25 of 2nd period - Shot Blocked by Tyler Wotherspoon.
6:27 of 2nd period - Slapshot by Emil Pettersson.
6:27 of 2nd period - Shot Misses the Net.
6:29 of 2nd period - Wrist shot by Peter Cehlarik.
6:29 of 2nd period - Stopped by Philippe Desrosiers without a rebound.
6:30 of 2nd period - Brooks Macek wins face-off versus Andy Andreoff in London Knights zone.
6:31 of 2nd period - Wrist shot by Emil Pettersson.
6:31 of 2nd period - Stopped by Philippe Desrosiers with a rebound.
6:33 of 2nd period - Slapshot by Logan Stanley.
6:33 of 2nd period - Stopped by Philippe Desrosiers with a rebound.
6:35 of 2nd period - Slapshot by Logan Stanley.
6:35 of 2nd period - Stopped by Philippe Desrosiers with a rebound.
6:41 of 2nd period - Snap shot by Brooks Macek.
6:41 of 2nd period - Shot Misses the Net.
6:43 of 2nd period - Wrist shot by Emil Pettersson.
6:43 of 2nd period - Shot Misses the Net.
6:45 of 2nd period - Slapshot by Matt Tennyson.
6:45 of 2nd period - Stopped by Philippe Desrosiers without a rebound.
6:46 of 2nd period - Sam Carrick wins face-off versus Jayson Megna in London Knights zone.
6:51 of 2nd period - Snap shot by Josh Leivo.
6:51 of 2nd period - Shot Misses the Net.
7:45 of 2nd period - Snap shot by Sheldon Dries.
7:45 of 2nd period - Shot Misses the Net.
7:59 of 2nd period - Wrist shot by Steve Bernier.
7:59 of 2nd period - Shot Misses the Net.
9:08 of 2nd period - Slapshot by Matt Read.
9:08 of 2nd period - Goal by Matt Read - London Knights : 1 - Seattle Thunderbirds : 4.
9:09 of 2nd period - Jayson Megna wins face-off versus Sam Carrick in neutral zone.
9:35 of 2nd period - Stefan Noesen is hit by Andy Andreoff and loses puck.
9:41 of 2nd period - Icing by Matt Tennyson.
9:42 of 2nd period - Andy Andreoff wins face-off versus T.J. Tynan in Seattle Thunderbirds zone.
9:47 of 2nd period - Wrist shot by John Hayden.
9:47 of 2nd period - Stopped by Mitch Gillam with a rebound.
10:03 of 2nd period - Slapshot by Matt Read.
10:03 of 2nd period - Stopped by Philippe Desrosiers with a rebound.
10:16 of 2nd period - Wrist shot by Stefan Noesen.
10:16 of 2nd period - Shot Misses the Net.
10:18 of 2nd period - Slapshot by Matt Tennyson.
10:18 of 2nd period - Deflect By Matt Read.
10:18 of 2nd period - Stopped by Philippe Desrosiers with a rebound.
10:24 of 2nd period - Snap shot by Stefan Noesen.
10:24 of 2nd period - Stopped by Philippe Desrosiers with a rebound.
10:26 of 2nd period - Snap shot by Logan Stanley.
10:26 of 2nd period - Stopped by Philippe Desrosiers without a rebound.
10:27 of 2nd period - Andy Andreoff wins face-off versus Josh Leivo in London Knights zone.
10:27 of 2nd period - Andy Andreoff is hit by Steve Bernier.
10:33 of 2nd period - Josh Leivo is hit by Keegan Kolesar and loses puck.
10:58 of 2nd period - Snap shot by Brooks Macek.
10:58 of 2nd period - Shot Misses the Net.
12:07 of 2nd period - Kieffer Bellows is hit by Steve Bernier and loses puck.
12:28 of 2nd period - Keegan Kolesar is hit by Logan Brown.
14:25 of 2nd period - Off-side.
14:26 of 2nd period - Logan Brown wins face-off versus Manuel Wiederer in neutral zone.
14:53 of 2nd period - Snap shot by Kristian Vesalainen.
14:53 of 2nd period - Stopped by Mitch Gillam with a rebound.
14:55 of 2nd period - Minor Penalty to Stefan Noesen for Tripping.
14:56 of 2nd period - Jayson Megna wins face-off versus Steve Bernier in Seattle Thunderbirds zone.
15:01 of 2nd period - Wrist shot by Jayson Megna.
15:01 of 2nd period - Shot Blocked by Jacob MacDonald.
15:05 of 2nd period - Wrist shot by Kristian Vesalainen.
15:05 of 2nd period - Shot Blocked by Yannick Weber.
16:55 of 2nd period - Penalty to Stefan Noesen is over, Stefan Noesen is back on ice.
17:01 of 2nd period - Wrist shot by Brett Sutter.
17:01 of 2nd period - Stopped by Philippe Desrosiers without a rebound.
17:02 of 2nd period - Sheldon Dries wins face-off versus Stefan Noesen in London Knights zone.
17:13 of 2nd period - Snap shot by Stefan Noesen.
17:13 of 2nd period - Shot Misses the Net.
17:15 of 2nd period - Snap shot by T.J. Tynan.
17:15 of 2nd period - Shot Misses the Net.
17:17 of 2nd period - Snap shot by Stefan Noesen.
17:17 of 2nd period - Stopped by Philippe Desrosiers with a rebound.
18:14 of 2nd period - Wrist shot by Andy Andreoff.
18:14 of 2nd period - Stopped by Mitch Gillam with a rebound.
Goals for this period are 0 for London Knights vs 2 for Seattle Thunderbirds.
Shots for this period are 5 for London Knights vs 15 for Seattle Thunderbirds.

3rd period


0:01 of 3rd period - Sam Carrick wins face-off versus Jayson Megna in neutral zone.
0:10 of 3rd period - Snap shot by Sam Carrick.
0:10 of 3rd period - Stopped by Philippe Desrosiers with a rebound.
0:27 of 3rd period - Ethan Prow is hit by Yannick Weber and loses puck.
0:35 of 3rd period - Off-side.
0:36 of 3rd period - T.J. Tynan wins face-off versus Manuel Wiederer in neutral zone.
0:47 of 3rd period - Snap shot by Jayson Megna.
0:47 of 3rd period - Stopped by Mitch Gillam with a rebound.
0:49 of 3rd period - Slapshot by Dylan McIlrath.
0:49 of 3rd period - Deflect By Manuel Wiederer.
0:49 of 3rd period - Stopped by Mitch Gillam with a rebound.
0:51 of 3rd period - Wrist shot by Andy Andreoff.
0:51 of 3rd period - Stopped by Mitch Gillam without a rebound.
0:52 of 3rd period - Sam Carrick wins face-off versus Jack Rodewald in Seattle Thunderbirds zone.
0:52 of 3rd period - Sam Carrick is hit by Jayson Megna.
1:00 of 3rd period - Wrist shot by Kristian Vesalainen.
1:00 of 3rd period - Stopped by Mitch Gillam with a rebound.
1:06 of 3rd period - Snap shot by Jack Rodewald.
1:06 of 3rd period - Shot Misses the Net.
1:16 of 3rd period - Yannick Weber is hit by Keegan Kolesar and loses puck.
2:03 of 3rd period - Wrist shot by Peter Cehlarik.
2:03 of 3rd period - Shot Misses the Net.
2:05 of 3rd period - Snap shot by Brooks Macek.
2:05 of 3rd period - Deflect By Peter Cehlarik.
2:05 of 3rd period - Shot Blocked by Dylan McIlrath.
2:05 of 3rd period - Puck is out of play.
2:06 of 3rd period - Andy Andreoff wins face-off versus Emil Pettersson in London Knights zone.
2:48 of 3rd period - Peter Cehlarik is hit by John Hayden and loses puck.
3:03 of 3rd period - Peter Cehlarik is hit by Hunter Warner and loses puck.
3:12 of 3rd period - Slapshot by Yannick Weber.
3:12 of 3rd period - Shot Blocked by John Hayden.
4:07 of 3rd period - Wrist shot by Emil Pettersson.
4:07 of 3rd period - Stopped by Philippe Desrosiers without a rebound.
4:08 of 3rd period - Jayson Megna wins face-off versus Sam Carrick in London Knights zone.
4:08 of 3rd period - Jayson Megna is hit by Matt Irwin.
4:33 of 3rd period - Joey LaLeggia is hit by Sheldon Dries and loses puck.
4:58 of 3rd period - Rasmus Sandin is hit by Logan Brown and loses puck.
5:07 of 3rd period - Slapshot by Dylan McIlrath.
5:07 of 3rd period - Stopped by Mitch Gillam with a rebound.
5:09 of 3rd period - Slapshot by Dylan McIlrath.
5:09 of 3rd period - Deflect By Kieffer Bellows.
5:09 of 3rd period - Stopped by Mitch Gillam with a rebound.
5:13 of 3rd period - Slapshot by Kieffer Bellows.
5:13 of 3rd period - Shot Misses the Net.
5:15 of 3rd period - Wrist shot by Sheldon Dries.
5:15 of 3rd period - Stopped by Mitch Gillam with a rebound.
5:17 of 3rd period - Slapshot by Sheldon Dries.
5:17 of 3rd period - Shot Misses the Net.
5:56 of 3rd period - Wrist shot by Sheldon Dries.
5:56 of 3rd period - Stopped by Mitch Gillam without a rebound.
5:57 of 3rd period - Jayson Megna wins face-off versus T.J. Tynan in Seattle Thunderbirds zone.
6:02 of 3rd period - Wrist shot by Jack Rodewald.
6:02 of 3rd period - Stopped by Mitch Gillam without a rebound.
6:03 of 3rd period - Jayson Megna wins face-off versus Matt Read in Seattle Thunderbirds zone.
6:04 of 3rd period - Wrist shot by Kristian Vesalainen.
6:04 of 3rd period - Stopped by Mitch Gillam without a rebound.
6:05 of 3rd period - T.J. Tynan wins face-off versus Jayson Megna in Seattle Thunderbirds zone.
6:12 of 3rd period - Snap shot by Jack Rodewald.
6:12 of 3rd period - Stopped by Mitch Gillam without a rebound.
6:13 of 3rd period - T.J. Tynan wins face-off versus Jack Rodewald in Seattle Thunderbirds zone.
7:01 of 3rd period - Jayson Megna is hit by Peter Cehlarik and loses puck.
7:08 of 3rd period - Peter Cehlarik is hit by Manuel Wiederer and loses puck.
7:43 of 3rd period - Colby Williams is hit by Josh Leivo and loses puck.
8:32 of 3rd period - Jayson Megna is hit by Andrew Campbell and loses puck.
10:47 of 3rd period - Steve Bernier is hit by John Hayden and loses puck.
12:58 of 3rd period - Icing by Jacob MacDonald.
12:59 of 3rd period - Manuel Wiederer wins face-off versus Sam Carrick in Seattle Thunderbirds zone.
13:00 of 3rd period - Snap shot by Jayson Megna.
13:00 of 3rd period - Stopped by Mitch Gillam without a rebound.
13:01 of 3rd period - Sam Carrick wins face-off versus Manuel Wiederer in Seattle Thunderbirds zone.
13:30 of 3rd period - Snap shot by Emil Pettersson.
13:30 of 3rd period - Stopped by Philippe Desrosiers without a rebound.
13:31 of 3rd period - Brooks Macek wins face-off versus John Hayden in London Knights zone.
13:55 of 3rd period - Off-side.
13:56 of 3rd period - Sam Carrick wins face-off versus Sheldon Dries in neutral zone.
14:09 of 3rd period - Wrist shot by Josh Leivo.
14:09 of 3rd period - Shot Misses the Net.
14:11 of 3rd period - Snap shot by Josh Leivo.
14:11 of 3rd period - Stopped by Philippe Desrosiers with a rebound.
14:21 of 3rd period - Ethan Prow is hit by Stefan Noesen and loses puck.
14:30 of 3rd period - Snap shot by T.J. Tynan.
14:30 of 3rd period - Stopped by Philippe Desrosiers with a rebound.
14:40 of 3rd period - Backhand shot by Kieffer Bellows.
14:40 of 3rd period - Shot Misses the Net.
14:48 of 3rd period - Tyler Wotherspoon is hit by Peter Cehlarik and loses puck.
15:03 of 3rd period - Snap shot by Sam Carrick.
15:03 of 3rd period - Shot Blocked by Tyler Wotherspoon.
15:05 of 3rd period - Wrist shot by Steve Bernier.
15:05 of 3rd period - Shot Blocked by Tyler Wotherspoon.
16:49 of 3rd period - Snap shot by T.J. Tynan.
16:49 of 3rd period - Stopped by Philippe Desrosiers without a rebound.
16:50 of 3rd period - Nicolas Aube-Kubel wins face-off versus T.J. Tynan in London Knights zone.
17:42 of 3rd period - Wrist shot by Jayson Megna.
17:42 of 3rd period - Shot Blocked by Matt Tennyson.
17:46 of 3rd period - Snap shot by Jayson Megna.
17:46 of 3rd period - Shot Misses the Net.
17:48 of 3rd period - Slapshot by Lucas Carlsson.
17:48 of 3rd period - Shot Blocked by Logan Stanley.
17:58 of 3rd period - Wrist shot by Kristian Vesalainen.
17:58 of 3rd period - Shot Misses the Net.
18:00 of 3rd period - Wrist shot by Jayson Megna.
18:00 of 3rd period - Stopped by Mitch Gillam without a rebound.
18:01 of 3rd period - Sam Carrick wins face-off versus John Hayden in Seattle Thunderbirds zone.
18:06 of 3rd period - Snap shot by Sam Carrick.
18:06 of 3rd period - Stopped by Philippe Desrosiers without a rebound.
18:07 of 3rd period - Sam Carrick wins face-off versus Andy Andreoff in London Knights zone.
18:13 of 3rd period - Snap shot by Sam Carrick.
18:13 of 3rd period - Goal by Sam Carrick - London Knights : 1 - Seattle Thunderbirds : 5.
18:14 of 3rd period - Sam Carrick wins face-off versus Andy Andreoff in neutral zone.
18:14 of 3rd period - Steve Bernier and Tyler Wotherspoon fight to a draw.
18:14 of 3rd period - Penalty to Steve Bernier for Fighting.
18:14 of 3rd period - Penalty to Tyler Wotherspoon for Fighting.
18:15 of 3rd period - Emil Pettersson wins face-off versus Jayson Megna in neutral zone.
18:42 of 3rd period - Jacob MacDonald is hit by Keegan Kolesar.
18:58 of 3rd period - Emil Pettersson is hit by John Hayden and loses puck.
Goals for this period are 0 for London Knights vs 1 for Seattle Thunderbirds.
Shots for this period are 13 for London Knights vs 8 for Seattle Thunderbirds. Output by the SimonT Hockey Simulator (STHS) for Eric Tremblay - Original Page W3C HTML5 Valid
Hockey Simulator - Hockey Simulation - Hockey Manager